AoeStats
← kqlymon

Arabia

503955312Analyzed
1v1 RM · 28d ago on Sep 3, 2026· 43m 50s· 2 players
Game mode
Random Map
Map size
Tiny (2 player)
Population
200
Speed
Normal
Resources
Standard
Victory
Conquest
Starting age
Dark Age
Ending age
Imperial Age
RankedLock teamsTeams togetherTeam positionsShared explorationLock speedFull tech treeHidden civsTurbo modeCheats
Victory
Defeat
🇸🇬 Spanish · Singapore
1044
+14
🇵🇪 Ethiopians · Peru
1000
-14
lvezca77
10:03 Feudal Age
12:06 Horse Collar
18:43 Castle Age
17:52 Fletching
18:03 Padded Archer Armor
19:25 Double-Bit Axe
19:27 Loom
23:29 Bow Saw
23:45 Crossbowman
33:19 Leather Archer Armor
32:59 Bodkin Arrow
34:47 Heavy Plow
34:41 Gold Mining
36:17 Ballistics
39:07 Imperial Age
38:37 Gold Shaft Mining
41:02 Chemistry
42:54 Ring Archer Armor
43:06 Arbalester
kqlymon
11:33 Feudal Age
10:01 Loom
11:47 Feudal Age
15:55 Double-Bit Axe
15:54 Horse Collar
17:24 Wheelbarrow
22:03 Castle Age
20:07 Gold Mining
20:08 Stone Mining
21:09 Padded Archer Armor
23:25 Heavy Plow
23:39 Bow Saw
24:07 Stone Shaft Mining
27:35 Hand Cart
28:45 Leather Archer Armor
33:09 Imperial Age
35:17 Conscription
35:45 Stone Shaft Mining
35:49 Elite Conquistador
38:25 Ballistics
39:06 Chemistry
42:01 Town Watch
43:10 Fletching
Connection lost

Rejoining the realm…

Still unreachable

The connection could not be restored.

Session expired

The server has moved on; the page needs a fresh start.